 Dungeon Crawl Stone Soup version 0.21.0-25-ge575cb9 (webtiles) character file.

27618 Mgcat the Severer (level 13, -6/178 HPs)
             Began as a Minotaur Fighter on Jan 24, 2018.
             Was a High Priest of Okawaru.
             Mangled by a catoblepas (19 damage)
             ... on level 4 of the Lair of Beasts.
             The game lasted 00:53:53 (17728 turns).

Mgcat the Severer (Minotaur Fighter)               Turns: 17728, Time: 00:53:54

Health: -6/178     AC: 20    Str: 26    XL:     13   Next: 5%
Magic:  17/17      EV: 14    Int:  7    God:    Okawaru [*****.]
Gold:   874        SH:  8    Dex: 13    Spells: 12/12 levels left

rFire    + . .     SeeInvis +   d - +2 broad axe (flame)
rCold    . . .     Gourm    .   b - +2 buckler {rF+}
rNeg     . . .     Faith    .   H - +0 chain mail (curse)
rPois    .         Spirit   .   C - +1 hat {SInv}
rElec    .         Reflect  .   o - +1 cloak
rCorr    .         Harm     .   (no gloves)
MR       +....                  (no boots)
Stlth    ..........             j - amulet of regeneration
HPRegen  0.79/turn              w - ring of protection from magic
MPRegen  0.15/turn              r - +3 ring of protection

@: berserking, heroism, very quick
A: retaliatory headbutt, horns 2
a: Heroism, Finesse, Renounce Religion


You were on level 4 of the Lair of Beasts.
You worshipped Okawaru.
Okawaru was extremely pleased with you.
You were not hungry.

You visited 3 branches of the dungeon, and saw 16 of its levels.
You also visited: Labyrinth.

You collected 1330 gold pieces.
You spent 456 gold pieces at shops.

Inventory:

Hand Weapons
 a - a +0 war axe of venom
 d - a +2 broad axe of flaming (weapon)
 B - a +1 whip of flaming
Armour
 b - a +2 buckler of fire resistance (worn)
 c - a +0 shield
 k - a +0 shield of protection
 o - a +1 cloak (worn)
 C - a +1 hat of see invisible (worn)
 D - a +0 ring mail of cold resistance
 H - a cursed +0 chain mail (worn)
Jewellery
 j - an amulet of regeneration (around neck)
 r - a +3 ring of protection (right hand)
 w - a ring of protection from magic (left hand)
 K - a +3 ring of intelligence {unknown}
 O - an uncursed ring of see invisible {unknown}
 X - a +3 ring of dexterity {unknown}
 Y - an uncursed ring of see invisible {unknown}
 Z - an uncursed amulet of magic regeneration {unknown}
Wands
 v - a wand of acid (4)
 y - a wand of polymorph (38)
 I - a wand of flame (25)
 J - a wand of scattershot (5)
 M - a wand of paralysis (7)
 Q - a wand of random effects (22)
 R - a wand of enslavement (8)
 V - a wand of disintegration (10)
Scrolls
 e - 8 scrolls of teleportation
 g - 3 scrolls of identify
 i - 2 scrolls of amnesia
 l - 4 scrolls of remove curse
 x - 2 scrolls of magic mapping
 F - a scroll of vulnerability {unknown}
 L - a scroll of fog
 N - a scroll of enchant weapon {unknown}
 P - a scroll of acquirement
 S - a scroll of noise {unknown}
 T - a scroll of immolation {unknown}
 W - 2 scrolls of enchant armour {unknown}
Potions
 h - 3 potions of brilliance
 n - 10 potions of curing
 p - a potion of invisibility
 q - 4 potions of haste
 s - 4 potions of magic
 t - a potion of cancellation
 u - a potion of mutation
 z - a potion of degeneration {unknown}
 A - 2 potions of agility {unknown}
 E - 3 potions of might
 G - a potion of flight
Comestibles
 f - 34 rations
 U - 5 chunks of flesh


   Skills:
 + Level 12.6(17.6) Fighting
 - Level 17.7(22.7) Axes
 + Level 10.2(15.2) Armour
 + Level 4.6(9.6) Dodging
 - Level 5.0(10.0) Shields
 + Level 6.7 Invocations


You had 12 spell levels left.
You didn't know any spells.

Dungeon Overview and Level Annotations

Branches:
Dungeon (11/15)            Temple (1/1) D:5            Lair (4/6) D:8
  Swamp (0/4) Lair:2        Snake (0/4) Lair:3          Orc (0/2) D:9

Altars:
Cheibriados
Dithmenos
Elyvilon
Fedhas
Gozag
Hepliaklqana
Kikubaaqudgha
Makhleb
Nemelex Xobeh
Okawaru
Qazlal
Sif Muna
Trog
Uskayaw
Vehumet
Wu Jian
Xom
Yredelemnul
Zin
The Shining One
Beogh

Shops:
D:4 [   D:7 ?   D:10 !

Portals:
Trove: D:10 (show abyssal rune of Zot)

Annotations:
D:4 2 transporters


Innate Abilities, Weirdness & Mutations

You reflexively headbutt those who attack you in melee.
You have a pair of horns on your head.


Message History

* * * LOW HITPOINT WARNING * * *
The catoblepas gores you but does no damage. x2
The catoblepas gores you!!
* * * LOW HITPOINT WARNING * * *
You turn to flesh and can move again.
Unknown command.
Unknown command.
Unknown command.
Unknown command.
Unknown command.
Unknown command.
Unknown command.
Unknown command.
Unknown command.
Unknown command.
Okay, then.
Okay, then.
A red film seems to cover your vision as you go berserk!
You feel yourself moving faster!
You feel mighty! The catoblepas gores you!!
You die...

..............#♣≈......
........................
#............#.##...........
#...........#..#............
.............##.............
##.........####............#
###........# #............#
..#.......## #.............
.###......# ##.@Y......#...
#.#.......# ##...†..........
.###......# #..........#....
..####.#.## #......P#.## .
..# ##### ##.....#### ...
##...## #####


You could see a catoblepas.

Vanquished Creatures
  Gastronok (D:8)
  A minotaur (Lab)
  A hydra (Lair:3)
  5 two-headed ogres
  Urug (D:11)
  Pikel (D:6)
  A cyclops (D:11)
  An ugly thing (D:11)
  A manticore (D:11)
  A gargoyle (D:11)
  5 spiny frogs
  The ghost of Nanban the Slasher, a novice DsFi (D:5)
  Psyche (D:8)
  3 komodo dragons
  A minotaur zombie (Lab)
  A troll (D:9)
  A polar bear (Lair:2)
  3 hippogriffs
  A human (D:7)
  A spriggan (Lair:2)
  A wraith (D:11)
  12 yaks
  A wyvern (Lair:4)
  4 hogs (D:7)
  2 vampire mosquitoes (Lair:1)
  An insubstantial wisp (Lair:1)
  4 nagas (Lair:3)
  Edmund (D:4)
  6 water moccasins
  2 swamp drakes
  5 porcupines
  Duvessa (D:6)
  11 orc warriors
  4 sky beasts
  3 ice beasts
  3 black bears
  7 wolves (Lair:2)
  10 ogres
  9 centaurs
  9 crocodiles
  5 big kobolds
  The ghost of resurtm the Conjurer, an amateur DECj of Gozag (D:3)
  5 gnoll sergeants
  12 bullfrogs
  5 scorpions
  Dowan (D:6)
  6 killer bees (D:10)
  4 wights (D:6)
  2 electric eels
  3 howler monkeys
  A bullfrog zombie (D:11)
  2 crimson imps (D:8)
  2 centaur zombies
  4 hounds
  A quasit (D:6)
  2 jellies
  10 orc priests
  A bullfrog skeleton (D:11)
  17 orc wizards
  2 centaur skeletons
  2 gnoll shamans (D:7)
  7 iguanas
  9 worker ants
  A killer bee zombie (D:8)
  A hound zombie (D:7)
  Robin (D:4)
  3 worker ant zombies
  14 adders
  21 gnolls
  2 shadow imps
  An ooze (D:2)
  An adder skeleton (D:6)
  2 worms (D:2)
  3 dart slugs
  10 leopard geckos
  67 orcs
  4 bats
  2 giant cockroaches
  18 goblins
  14 hobgoblins
  11 jackals
  2 quokkas
  8 frilled lizards
  30 kobolds
  2 leopard gecko skeletons
  A quokka skeleton (D:9)
  8 rats
  A fungus (Lair:2)
  3 plants (D:5)
463 creatures vanquished.

Vanquished Creatures (others)
  Grinder (D:6)
  An orc (D:6)
  9 fungi
  7 plants
18 creatures vanquished.

Grand Total: 481 creatures vanquished

Notes
Turn   | Place    | Note
-------+----------+-------------------------------------------
     0 | D:1      | Mgcat the Minotaur Fighter began the quest for the Orb.
     0 | D:1      | Reached XP level 1. HP: 19/19 MP: 0/0
    87 | D:1      | Reached skill level 3 in Axes
   206 | D:1      | Reached XP level 2. HP: 25/26 MP: 1/1
   446 | D:1      | Reached skill level 4 in Axes
   737 | D:2      | Reached XP level 3. HP: 30/31 MP: 2/2
  1104 | D:2      | Found a faded altar of an unknown god.
  1133 | D:2      | Reached skill level 5 in Axes
  1386 | D:2      | Reached XP level 4. HP: 37/39 MP: 3/3
  1437 | D:2      | Found an ornate altar of the Wu Jian Council.
  1444 | D:2      | Found a radiant altar of Vehumet.
  1755 | D:3      | Noticed resurtm's ghost (amateur DECj)
  1770 | D:3      | Killed resurtm's ghost
  1770 | D:3      | Reached skill level 6 in Axes
  1770 | D:3      | Reached XP level 5. HP: 18/45 MP: 4/4
  2034 | D:3      | Reached skill level 7 in Axes
  2602 | D:4      | Noticed Robin
  2621 | D:4      | Killed Robin
  2623 | D:4      | Reached XP level 6. HP: 31/51 MP: 5/5
  2722 | D:4      | Found a transporter.
  2786 | D:4      | Reached skill level 8 in Axes
  2860 | D:4      | Found Rizxuj's Antique Armour Shoppe.
  2864 | D:4      | Bought a translucent leather armour for 133 gold pieces
  2874 | D:4      | Identified the +2 leather armour of Dishonesty {+Blink MR+ Int+7} (You bought it in a shop on level 4 of the Dungeon)
  2956 | D:4      | Found a blossoming altar of Fedhas.
  2956 | D:4      | Noticed Edmund
  2980 | D:4      | Killed Edmund
  2980 | D:4      | Reached skill level 9 in Axes
  2980 | D:4      | Reached XP level 7. HP: 15/57 MP: 6/6
  3108 | D:4      | Found a transporter.
  3449 | D:4      | Reached skill level 10 in Axes
  3732 | D:5      | Entered Level 5 of the Dungeon
  3740 | D:5      | Noticed Nanban's ghost (novice DsFi)
  3751 | D:5      | Killed Nanban's ghost
  3751 | D:5      | Reached skill level 11 in Axes
  3839 | D:5      | Found a staircase to the Ecumenical Temple.
  3927 | Temple   | Entered the Ecumenical Temple
  3959 | Temple   | Became a worshipper of Warmaster Okawaru
  4104 | D:5      | Reached XP level 8. HP: 61/64 MP: 7/7
  4438 | D:5      | Found a stormy altar of Qazlal.
  4779 | D:6      | Found a glowing silver altar of Zin.
  4866 | D:6      | Reached skill level 12 in Axes
  4978 | D:6      | Reached * piety under Okawaru
  5010 | D:6      | Noticed Grinder
  5011 | D:6      | Noticed Pikel
  5012 | D:6      | Noticed Dowan
  5090 | D:6      | Killed Pikel
  5090 | D:6      | Reached skill level 13 in Axes
  5090 | D:6      | Reached XP level 9. HP: 63/70 MP: 5/8
  5101 | D:6      | Paralysed by Grinder for 7 turns
  5122 | D:6      | Killed Grinder
  5261 | D:6      | Reached skill level 14 in Axes
  5313 | D:6      | Reached ** piety under Okawaru
  5462 | D:6      | Found the +4 dagger "Morg" {pain, MR+ Int+5}
  5530 | D:6      | Noticed Duvessa
  5537 | D:6      | Killed Dowan
  5548 | D:6      | Killed Duvessa
  5890 | D:6      | Found a shadowy altar of Dithmenos.
  6285 | D:6      | Found a shadowy altar of Dithmenos.
  6418 | D:6      | Found a glowing silver altar of Zin.
  6831 | D:6      | Reached skill level 15 in Axes
  7051 | D:7      | Found a bloodstained altar of Trog.
  7114 | D:7      | Reached skill level 5 in Fighting
  7241 | D:7      | Reached XP level 10. HP: 23/84 MP: 7/9
  7495 | D:7      | Found Asentaov's Magic Scroll Shop.
  7811 | D:7      | Reached *** piety under Okawaru
  8028 | D:7      | Reached skill level 16 in Axes
  8589 | D:8      | Noticed a two-headed ogre
  8596 | D:8      | Killed a two-headed ogre
  8596 | D:8      | Reached **** piety under Okawaru
  8722 | D:8      | Noticed Psyche
  8730 | D:8      | Killed Psyche
  8770 | D:8      | Noticed a two-headed ogre
  8777 | D:8      | Killed a two-headed ogre
  8777 | D:8      | Reached skill level 1 in Invocations
  8887 | D:8      | Noticed Gastronok
  8919 | D:8      | Killed Gastronok
  8919 | D:8      | Reached ***** piety under Okawaru
  8919 | D:8      | Reached skill level 5 in Armour
  8919 | D:8      | Reached XP level 11. HP: 23/99 MP: 9/12
  9182 | D:8      | Found a burning altar of Makhleb.
  9183 | D:8      | Found a shimmering altar of Xom.
  9193 | D:8      | Reached skill level 10 in Fighting
  9515 | D:8      | Found a staircase to the Lair.
  9588 | D:8      | Found a roughly hewn altar of Beogh.
  9689 | D:8      | Noticed a two-headed ogre
  9703 | D:8      | Killed a two-headed ogre
  9703 | D:8      | Received a gift from Okawaru
  9703 | D:8      | Reached skill level 17 in Axes
 10165 | D:4      | Bought a pair of embroidered boots for 142 gold pieces
 10165 | D:4      | Bought a runed cloak for 142 gold pieces
 10371 | D:9      | Found a staircase to the Orcish Mines.
 10601 | D:9      | Found a snail-covered altar of Cheibriados.
 10638 | D:9      | Noticed a two-headed ogre
 10656 | D:9      | Killed a two-headed ogre
 10871 | D:9      | Received a gift from Okawaru
 11256 | D:10     | Entered Level 10 of the Dungeon
 11310 | D:10     | Reached skill level 5 in Invocations
 11645 | D:10     | Noticed a two-headed ogre
 11654 | D:10     | Killed a two-headed ogre
 11844 | D:10     | Found a portal to a secret trove of treasure.
 11859 | D:10     | Found Jestryd's Distillery.
 11864 | D:10     | Bought a potion of flight for 39 gold pieces
 12220 | D:11     | Noticed a cyan ugly thing
 12228 | D:11     | Killed a cyan ugly thing
 12228 | D:11     | Reached XP level 12. HP: 89/110 MP: 14/14
 12569 | D:11     | Noticed Urug
 12587 | D:11     | Reached skill level 5 in Shields
 12599 | D:11     | Killed Urug
 13057 | Lair:1   | Entered Level 1 of the Lair of Beasts
 13586 | Lair:1   | Reached skill level 1 in Dodging
 13880 | Lair:1   | Received a gift from Okawaru
 14120 | Lair:1   | Identified a scroll of acquirement
 14186 | Lair:2   | Found a labyrinth entrance.
 14195 | Lab      | Entered a labyrinth
 15314 | Lab      | Noticed a minotaur
 15320 | Lab      | Killed a minotaur
 15800 | Lair:2   | Found a staircase to the Swamp.
 16384 | Lair:3   | Found a staircase to the Snake Pit.
 16767 | Lair:3   | Reached skill level 10 in Armour
 17013 | Lair:3   | Noticed a seven-headed hydra
 17021 | Lair:3   | Killed a three-headed hydra
 17486 | Lair:4   | Reached XP level 13. HP: 106/119 MP: 16/16
 17728 | Lair:4   | Mangled by a catoblepas

Skill      XL: |  1  2  3  4  5  6  7  8  9 10 11 12 |
---------------+-------------------------------------+-----
Axes           | 3 4 5 6 7 9 11 13 15 16 17 | 17.7
Fighting       | 6 9 11 12 | 12.6
Armour         | 5 7 10 | 10.2
Invocations    | 3 5 6 |  6.7
Shields        | 4 5 |  5.0
Dodging        | 4 |  4.6

Action                   |  1- 3 |  4- 6 |  7- 9 | 10-12 | 13-15 || total
-------------------------+-------+-------+-------+-------+-------++-------
Melee: War axe           |    60 |   155 |   328 |   682 |       ||  1225
       Headbutt          |     9 |    22 |    68 |   191 |     4 ||   294
       Dagger            |       |       |    16 |       |       ||    16
       Punch             |       |       |       |     2 |       ||     2
       Broad axe         |       |       |       |   137 |    19 ||   156
Invok: Heroism           |       |       |     5 |    16 |     1 ||    22
Evoke: Wand              |       |       |       |     1 |       ||     1
  Use: Potion            |       |     2 |       |       |     1 ||     3
       Scroll            |       |     5 |     2 |    19 |       ||    26
 Stab: Distracted        |       |       |       |     1 |       ||     1
  Eat: Chunk             |     1 |     6 |    13 |    29 |     1 ||    50
       Ration            |       |       |       |     1 |       ||     1
Armor: Scale mail        |    30 |    56 |       |       |       ||    86
       Leather armour    |       |     2 |     2 |       |       ||     4
       Chain mail        |       |       |   148 |    94 |    24 ||   266
       Ring mail         |       |       |    21 |   116 |       ||   137
Dodge: Dodged            |    24 |    58 |    98 |   275 |    11 ||   466
Block: Buckler           |       |       |       |   105 |     7 ||   112
